 Dungeon Crawl Stone Soup version 0.27.0-1-g7a089689b8 (webtiles) character file.

Game seed: 18056218592923616955

21 SnakkuSnakku7 the Poker (level 2, -4/19 HPs)
             Began as a Merfolk Necromancer on Aug 7, 2021.
             Slain by a worm (10 damage)
             ... on level 2 of the Dungeon.
             The game lasted 00:01:30 (1428 turns).

SnakkuSnakku7 the Poker (Merfolk Necromancer)       Turns: 1428, Time: 00:01:31

Health: -4/19      AC:  4    Str:  8    XL:     2   Next: 83%
Magic:  5/5        EV: 12    Int: 14    God:
Gold:   34         SH:  0    Dex: 14    Spells: 4/5 levels left

rFire    . . .     SeeInvis .   a - +0 trident
rCold    . . .     Faith    .   (no shield)
rNeg     . . .     Spirit   .   h - +0 leather armour
rPois    .         Reflect  .   (no helmet)
rElec    .         Harm     .   g - +0 cloak
rCorr    .         Rampage  .   (no gloves)
Will     .....                  (no boots)
Stlth    ++........             (no amulet)
HPRegen  0.06/turn              (no ring)
MPRegen  0.09/turn              (no ring)

@: no status effects
A: (nimble swimmer 2), mertail
a: no special abilities


You were on level 2 of the Dungeon.
You visited 1 branch of the dungeon, and saw 2 of its levels.

You collected 34 gold pieces.

Inventory:

Hand Weapons
 a - a +0 trident (weapon)
Armour
 b - a +0 robe
 g - a +0 cloak (worn)
 h - a +0 leather armour (worn)
Scrolls
 c - a scroll of enchant weapon {unknown}
 d - 3 scrolls of identify {unknown}
 f - a scroll of teleportation {unknown}
 i - a scroll of noise {unknown}
Potions
 e - 5 potions of haste {unknown}


   Skills:
 + Level 3.4 Polearms
 - Level 2.6 Dodging
 - Level 2.1 Stealth
 - Level 0.3 Unarmed Combat
 - Level 2.0 Spellcasting
 - Level 3.2 Necromancy


You had 4 spell levels left.
You knew the following spells:

 Your Spells              Type           Power      Damage    Failure   Level
a - Pain                  Necr           40%        1d6       9%          1

Your spell library contained the following spells:

 Spells                   Type           Power      Damage    Failure   Level
 Animate Skeleton         Necr           20%        N/A       9%          1
 Vampiric Draining        Necr           5%         2d6       26%         3
 Animate Dead             Necr           5%         N/A       65%         4
 Agony                    Necr           10%        N/A       94%         5


Dungeon Overview and Level Annotations

Branches:
Dungeon (2/15)

Altars:


Innate Abilities, Weirdness & Mutations

((You are quick and stealthy near water. (Stealth+, EV+, Speed+++)))
Your lower body shifts to a powerful aquatic tail in water.


Message History

You see here a hobgoblin corpse.
You now have 34 gold pieces (gained 14).
A goblin comes into view. It is wielding a +0 dagger.
A goblin is nearby!
A goblin is nearby!
A worm comes into view.
You reach to attack!
You barely miss the worm.
The goblin shouts!
You reach to attack!
You hit the worm.
The worm is moderately wounded.
You hit the worm.
The worm is moderately wounded.
The goblin hits you with a +0 dagger. The worm closely misses you.
You barely miss the worm.
The worm is lightly wounded.
The goblin barely misses you.
You hit the goblin.
You kill the goblin!
You reach to attack!
You hit the worm.
The worm is heavily wounded.
You hit the worm.
The worm is heavily wounded.
You puncture the worm!
The worm is almost dead.
The worm bites you.
You barely miss the worm.
The worm is almost dead.
The worm bites you.
You are too injured to fight recklessly!
You are too injured to fight recklessly!
You hit the worm but do no damage.
The worm is almost dead.
You hit the worm but do no damage.
The worm is almost dead.
The worm bites you.
You hit the worm but do no damage.
The worm is severely wounded.
The worm bites you!
Ouch! That really hurt!
You die...

##...##
#.....#
#.....#
##.....#
......#
#...#
#.# #w#
#@# #.#
#.#
######.#
#......#
#.######
#.# #
#.# #
#.#


You could see a worm.

Vanquished Creatures
  2 bats
  A giant cockroach (D:1)
  2 goblins
  2 hobgoblins
  4 jackals (D:1)
  4 kobolds
  2 ball pythons (D:1)
  3 rats
20 creatures vanquished.

Notes
Turn   | Place    | Note
-------+----------+-------------------------------------------
     0 | D:1      | SnakkuSnakku7 the Merfolk Necromancer began the quest for
                  | the Orb.
     0 | D:1      | Reached XP level 1. HP: 13/13 MP: 3/3
   249 | D:1      | Reached skill level 1 in Polearms
   735 | D:1      | Reached XP level 2. HP: 19/19 MP: 5/5
  1428 | D:2      | Slain by a worm

Illustrated notes

Levels and vault maps discovered:
D:1:      dpeg_arrival_ternary, layout_basic, minmay_misc_feat_nine_boxes,
          chequers_serial_rivers_marsh
D:2:      layout_loops_corners, chequers_ecumenical_altar_grove

Skill      XL: |  1  2 |
---------------+-------+-----
Polearms       | 2 3 |  3.4
Dodging        | |  2.6
Stealth        | |  2.1
Unarmed Combat | |  0.3
Spellcasting   | |  2.0
Necromancy     | |  3.2

Action                   || total
-------------------------++-------
Melee: Trident           ||    55
 Cast: Pain              ||     2
 Stab: Sleeping          ||     9
Armor: Robe              ||     5
       Leather armour    ||     2
Dodge: Dodged            ||    20
